tourhack, neutral female human Tourist -- ----- ---.----.|.------ --...............-- --.................-- |...................| -..............| |..............--- | ---- --........).%.....-- ....-- . |..| --........--<...................- -. ----------..-----.....%.-----%-..................- |...|...........................................--- -.....-....G-----------...-----------........--- -.....G...------------------ ..---.-- ---....).@G..)...............| --- -- -............---- ---------- - ..... |.........| |.... - ---.|.....- --. ----...... -- --.....- --.---- --- tourhack the Sightseer Experience level: 4 Strength: 16 Dexterity: 10 Constitution: 11 Intelligence: 15 Wisdom: 7 Charisma: 16 Health: 0(32) Energy: 12(12) Def: 2 Gold: 1031 Moves: 1850 Dungeon seed: 8Nxc_Rodfbq6SOj6 Game ID: tourhack_1468349340 Your Inventory: Coins $ - 1031 gold pieces Weapons a - 23 +2 darts (in quiver) q - 10 blessed +0 darts r - 4 +0 darts C - 3 +0 daggers (wielded) D - 21 +0 arrows E - a +0 bow J - 14 +4 arrows Armor e - an uncursed +0 Hawaiian shirt (being worn) s - an uncursed +0 dwarvish iron helm w - an uncursed +0 dwarvish cloak G - an uncursed +0 dwarvish roundshield H - an uncursed +0 pair of iron shoes R - an uncursed +0 dwarvish cloak S - an uncursed +0 pair of iron shoes (being worn) Y - an uncursed +0 dwarvish cloak (being worn) Comestibles b - 3 uncursed apples c - 4 uncursed food rations d - an uncursed cherry f - an uncursed fortune cookie g - an uncursed clove of garlic o - 2 uncursed bananas p - 2 uncursed sprigs of wolfsbane Scrolls j - 3 uncursed scrolls of magic mapping k - a blessed scroll of magic mapping u - an uncursed scroll of remove curse v - a cursed scroll of identify A - an uncursed scroll of teleportation L - an uncursed scroll of create monster P - an uncursed scroll of identify Potions t - an uncursed potion of water x - a blessed potion of restore ability Q - an uncursed potion of confusion W - an uncursed potion of see invisible Tools i - a cursed tallow candle (0:200) l - an expensive camera (0:53) m - an uncursed credit card n - an uncursed leash B - 3 uncursed tallow candles (0:200) F - a blessed magic lamp I - an uncursed wax candle (0:400) U - a +0 pick-axe Z - a magic marker (0:99) Gems y - 3 uncursed worthless pieces of white glass z - an uncursed worthless piece of orange glass K - an uncursed topaz stone N - 2 uncursed garnet stones Spells and supernatural/magical abilities: Name Level Category Fail Memory W - pray for help -- divine ? -- Your skills at the end: Fighting Skills Weapon Skills dart [Basic] Spellcasting Skills Final Attributes: You were piously aligned. You were telepathic. You are dead. Vanquished creatures: 2 gnome lords a gnomish wizard a floating eye a kitten 3 dwarves an iguana 2 hobbits a brown mold 12 gnomes 3 jackals 3 foxes a kobold 4 goblins 2 grid bugs a bat a lichen 2 kobold zombies 3 newts 44 creatures vanquished. Voluntary challenges: You used a wielded weapon 11 times, starting on turn 1121. You were illiterate. You never genocided any monsters. You never polymorphed an object. You never changed form. You used no wishes. You never split a pudding. You never wrote Elbereth's name. You never violated your personal moral code. Dungeon overview: The Dungeons of Doom: levels 1 to 3 Level 1 an altar to The Lady, some fountains a long staircase Level 2 a hardware shop stairs to The Gnomish Mines Level 3 The Gnomish Mines: levels 3 to 4 Level 3 stairs to The Dungeons of Doom Level 4 <- You were here History has recorded: On T:1 you entered the Dungeons of Doom to retrieve the Amulet of Yendor! On T:154 you reached level 2 of The Dungeons of Doom. On T:353 you reached level 3 of The Dungeons of Doom. On T:360 you advanced to experience level 2. On T:403 you reached level 1 of The Gnomish Mines. On T:449 you advanced to experience level 3. On T:530 you reached level 2 of The Gnomish Mines. On T:826 you advanced to experience level 4. Score breakdown: Gold: 220 ( 7974 points) Experience: 4 levels ( 9649 points) Exploration: 4 levels ( 8.33%) ( 7579 points) Discoveries: 1 item ( 0.34%) ( 1737 points) Valuables value: (no points given unless you survive) Artifact value: 0 ( 0 points) Variety of kills: 18 monsters ( 4.72%) ( 6520 points) Turncount: 1850 turns ( 0 points) Survival: died (score multiplied by 80%) Total score: 26767 Latest messages: You kill the gnome! There are a few objects here. You have a little trouble lifting I - a candle. You see here a yellowish brown gem. You have a little trouble lifting K - a yellowish brown gem. The dart misses the gnome lord. The dart hits the gnome lord. The dart hits the gnome lord. a - 25 +2 darts (in quiver). The dart hits the gnome lord. The gnome lord hits! (2x) The dart hits the gnome lord! The gnome lord hits! (2x) You die... Final status: Aloha tourhack the Tourist, killed by a gnome lord... You died in The Gnomish Mines on dungeon level 4 with 26767 points, and 1031 pieces of gold, after 1850 moves. You were level 4 with a maximum of 32 hit points when you died.